 Dungeon Crawl Stone Soup version 0.26.1-2-gb8aa6d0cf2 (webtiles) character file.

Game seed: 3185469336257291150

72 Gabide the Cudgeller (level 4, 0/35 HPs)
             Began as a Human Monk on Mar 12, 2021.
             Was a Believer of Zin.
             Slain by an adder (3 damage)
             ... on level 2 of the Dungeon.
             The game lasted 00:06:47 (2167 turns).

Gabide the Cudgeller (Human Monk)                   Turns: 2167, Time: 00:06:48

Health: 0/35       AC:  3    Str: 13    XL:     4   Next: 48%
Magic:  2/4        EV: 14    Int: 12    God:    Zin [**....]
Gold:   52         SH:  0    Dex: 16    Spells: 3/3 levels left

rFire    . . .     SeeInvis .   a - +1 mace
rCold    . . .     Faith    .   (no shield)
rNeg     . . .     Spirit   .   b - +0 robe
rPois    ∞         Reflect  .   (no helmet)
rElec    .         Harm     .   (no cloak)
rCorr    .         Rampage  .   h - +0 pair of gloves
Will     .....                  (no boots)
Stlth    ++........             (no amulet)
HPRegen  0.11/turn              (no ring)
MPRegen  0.09/turn              (no ring)

@: lethally poisoned (0 -> 0), vitalised
A: no striking features
a: Renounce Religion, Recite, Vitalisation, Donate Gold


You were on level 2 of the Dungeon.
You worshipped Zin.
Zin was pleased with you.
You visited 1 branch of the dungeon, and saw 2 of its levels.

You collected 81 gold pieces.
You donated 29 gold pieces to Zin.

Inventory:

Hand Weapons
 a - a +1 mace (weapon)
Armour
 b - a +0 robe (worn)
 h - a +0 pair of gloves (worn)
Scrolls
 c - a scroll of identify
Potions
 d - 2 potions of flight


   Skills:
 + Level 3.4 Fighting
 * Level 4.0 Maces & Flails
 - Level 0.8 Armour
 * Level 3.5 Dodging
 - Level 2.0 Stealth
 * Level 0.3 Invocations


You had 3 spell levels left.
You didn't know any spells.
Your spell library was empty.

Dungeon Overview and Level Annotations

Branches:
Dungeon (2/15)

Altars:
Trog
Xom
Zin


Message History

The jackal barely misses you. The jackal misses you.
You completely miss the jackal.
The jackal is severely wounded. "...blasphemous and knew Zin's wrath would come for them."
You finish reciting Anathema 3:49.
You hear an angry hiss.
You hear a shout!
The goblin is lost in a daze.
The jackal bites you but does no damage.
You sock the jackal!
You kill the jackal!
The adder bites you.
You hit the adder but do no damage. The adder bites you.
Okay, then.
You closely miss the adder. The adder bites you.
* * * LOW HITPOINT WARNING * * *
Your divine stamina protects you from poison!
The adder bites you.
* * * LOW HITPOINT WARNING * * *
The adder bites you.
You die...

#################.#.#
.†................#.#
###################.## #### #.r.#
...# #(#.# ...# ##.#S## ...#
#g.#..# ...# ##S###.## ...#
###@.#,#).### ...#
####...##,##..†#***
(..########....###,,,###....#****
...##.......####,,,*,,,,.......,,
...##.#####....#**,,,***..r.###**
......# ####...#*,**,,.#### *
......# **#..#,*,,*## * ......#
**.#**,** * ......# *,,*,,* *


You could see an adder, a quokka and a hobgoblin.

Vanquished Creatures
  3 adders (D:2)
  2 worms (D:2)
  2 dart slugs
  A leopard gecko (D:1)
  2 bats
  A giant cockroach (D:1)
  3 hobgoblins
  2 jackals (D:2)
  2 frilled lizards (D:2)
  6 goblins (D:1)
  8 kobolds
  4 rats
36 creatures vanquished.

Notes
Turn   | Place    | Note
-------+----------+-------------------------------------------
     0 | D:1      | Gabide the Human Monk began the quest for the Orb.
     0 | D:1      | Reached XP level 1. HP: 18/18 MP: 1/1
   458 | D:1      | Reached XP level 2. HP: 18/24 MP: 2/2
   745 | D:1      | Reached XP level 3. HP: 29/29 MP: 3/3
  1269 | D:2      | Found a glowing silver altar of Zin.
  1269 | D:2      | Found a shimmering altar of Xom.
  1269 | D:2      | Noticed an angel
  1290 | D:2      | Became a worshipper of Zin the Law-Giver
  1290 | D:2      | Reached * piety under Zin
  1290 | D:2      | Reached ** piety under Zin
  1291 | D:2      | Donated 21 gold pieces to Zin
  1333 | D:2      | Found a bloodstained altar of Trog.
  1648 | D:2      | Reached XP level 4. HP: 22/35 MP: 4/4
  2150 | D:2      | Reached skill level 4 in Maces & Flails
  2167 | D:2      | Slain by an adder

Illustrated notes

Levels and vault maps discovered:
D:1:      erik_arrival_blinker_ship, layout_loops_ring, serial_glass,
          glass_columns_a, glass_columns_a, columned_hall_lemuel,
          item_on_display_b
D:2:      minmay_general_purpose_star, layout_basic,
          grunt_temple_overflow_order_and_chaos_1, bloody_trog

Skill      XL: |  1  2  3  4 |
---------------+-------------+-----
Maces & Flails | 4 |  4.0
Fighting       | |  3.4
Armour         | |  0.8
Dodging        | |  3.5
Stealth        | |  2.0
Invocations    | |  0.3

Action                   |  1- 3 |  4- 6 || total
-------------------------+-------+-------++-------
Melee: Mace              |    92 |    20 ||   112
Invok: Donate Gold       |     1 |       ||     1
       Recite            |       |     1 ||     1
       Vitalisation      |       |     1 ||     1
  Use: Scroll            |     3 |     4 ||     7
 Stab: Sleeping          |     6 |     1 ||     7
Armor: Robe              |     9 |    14 ||    23
Dodge: Dodged            |    52 |    32 ||    84
